 Dungeon Crawl Stone Soup version 0.25-a0-690-g234afa57d4 (webtiles) character file.

Game seed: 2806386311738586449, levelgen mode: deterministic

1332 Lauz the Spear-Bearer (level 8, -1/61 HPs)
             Began as a Merfolk Gladiator on Mar 30, 2020.
             Was a Follower of Okawaru.
             Slain by an orc warrior
             ... wielding a +0 mace
              (4 damage)
             ... on level 5 of the Dungeon.
             The game lasted 00:24:41 (7941 turns).

Lauz the Spear-Bearer (Merfolk Gladiator)           Turns: 7941, Time: 00:24:42

Health: -1/61      AC:  6    Str: 16    XL:     8   Next: 61%
Magic:  2/8        EV: 16    Int:  7    God:    Okawaru [*.....]
Gold:   220        SH:  0    Dex: 16    Spells: 1/7 levels left

rFire    . . .     SeeInvis .   s - +0 halberd
rCold    . . .     Gourm    .   (shield currently unavailable)
rNeg     . . .     Faith    .   b - +0 leather armour
rPois    .         Spirit   .   c - +0 helmet
rElec    .         Reflect  .   (no cloak)
rCorr    .         Harm     .   i - +0 pair of gloves
MR       .....                  o - +0 pair of boots
Stlth    +.........             (no amulet)
HPRegen  0.20/turn              (no ring)
MPRegen  0.11/turn              (no ring)

@: very slightly contaminated
A: change form in water, swift swim, stealthy swim
a: Heroism, Renounce Religion


You were on level 5 of the Dungeon.
You worshipped Okawaru.
Okawaru was aware of your devotion.
You were not hungry.

You visited 1 branch of the dungeon, and saw 6 of its levels.

You collected 220 gold pieces.

Inventory:

Hand Weapons
 a - a +0 trident
 s - a +0 halberd (weapon)
Missiles
 d - 3 throwing nets (quivered)
Armour
 b - a +0 leather armour (worn)
 c - a +0 helmet (worn)
 i - a +0 pair of gloves (worn)
 o - a +0 pair of boots (worn)
Jewellery
 x - an uncursed ring of positive energy {unknown}
Scrolls
 e - 2 scrolls of fear {unknown}
 g - 6 scrolls of remove curse {unknown}
 h - 2 scrolls of teleportation {unknown}
 j - 2 scrolls of amnesia {unknown}
 k - a scroll of enchant weapon {unknown}
 l - 7 scrolls of identify {unknown}
 n - a scroll of fog {unknown}
 p - 3 scrolls of enchant armour {unknown}
 q - 2 scrolls of magic mapping {unknown}
 t - a scroll of blinking {unknown}
 w - a scroll of vulnerability {unknown}
Potions
 m - a potion of brilliance {unknown}
 r - a potion of lignification {unknown}
 u - a potion of curing
 v - 2 potions of resistance
Comestibles
 f - 7 rations


   Skills:
 + Level 4.5 Fighting
 * Level 12.2 Polearms
 - Level 2.0 Throwing
 + Level 6.5 Dodging
 + Level 1.7 Hexes
 + Level 0.5 Summonings


You had one spell level left.
You knew the following spells:

 Your Spells              Type           Power        Failure   Level  Hunger
a - Slow                  Hex            #.......     41%         2    ###....
b - Call Imp              Summ           #.......     56%         2    ###....
c - Blink                 Tloc           N/A          65%         2    ###....

Your spell library contained the following spells:

 Spells                   Type           Power        Failure   Level  Hunger
 Magic Dart               Conj           #...         50%         1    ##.....
 Confusing Touch          Hex            #.......     65%         3    ####...
 Conjure Flame            Conj/Fire      #.......     86%         3    ####...
 Gell's Gravitas          Tloc           #.........   86%         3    ####...
 Mephitic Cloud           Conj/Pois/Air  #.......     86%         3    ####...
 Petrify                  Tmut/Erth      #.......     99%         4    #####..
 Metabolic Englaciation   Hex/Ice        #.........   100%        5    ######.
 Yara's Violent Unravell  Hex/Tmut       #.........   100%        5    ######.


Dungeon Overview and Level Annotations

Branches:
Dungeon (6/15)             Temple (0/1) D:4

Altars:
Kikubaaqudgha
Nemelex Xobeh
Okawaru

Annotations:
D:4 Blork the orc


Message History

The orc warrior is no longer moving slowly.
There is a stone staircase leading down here.
You climb downwards.
The centaur shoots an arrow.
The arrow misses you. The orc barely misses you.
There is a stone staircase leading up here.
You see here an arrow.
Unknown command.
The centaur shoots an arrow.
The arrow hits you. The orc hits you but does no damage.
The centaur shoots an arrow.
The arrow hits you!
You climb upwards.
The orc warrior hits you with a +0 mace.
* * * LOW HITPOINT WARNING * * *
The orc warrior hits you with a +0 mace!
* * * LOW HITPOINT WARNING * * *
There is a stone staircase leading down, spattered with blood here.
The orc closely misses you.
You open the door.
The orc warrior hits you with a +0 mace.
You die...

.# #.#### #...<# #.# .#
#....#####...#####.# .#
##...........#..(..#
<########
#.#.#..##...#.#####
###.....# #.#.#.......#(#
#.....###'#+#...#...#.#
#...................#.#
#............##.##..#.#
#............'@oo..>#.####
###............####.#.#....#
........###.........#.#.##.#
........# #####...###.####.#
........###................#
........##...###..####.#####
...#######...###.......#
...#######.........#####
.........#.....#.#.#


You could see an orc warrior and an orc.

Vanquished Creatures
  A hippogriff (D:5)
  Sigmund (D:2)
  An ogre (D:4)
  A phantom (D:5)
  2 scorpions (D:4)
  A crimson imp (D:5)
  2 hounds (D:4)
  An orc priest (D:3)
  A jelly (D:5)
  A bullfrog skeleton (D:3)
  2 orc wizards
  Natasha (thrice) (D:2 D:1)
  5 worker ants
  Robin (D:2)
  6 adders
  10 gnolls
  A shadow imp (D:5)
  2 adder skeletons (D:4)
  2 worms (D:2)
  A dart slug (D:1)
  2 leopard geckos (D:3)
  9 orcs
  4 ball pythons
  6 giant cockroaches
  14 goblins
  9 hobgoblins
  4 jackals
  6 quokkas
  10 bats
  3 frilled lizards
  A jackal skeleton (D:4)
  4 kobolds
  A quokka skeleton (D:4)
  A quokka zombie (D:5)
  2 rats
121 creatures vanquished.

Vanquished Creatures (collateral kills)
  A jackal (D:4)
1 creature vanquished.

Grand Total: 122 creatures vanquished

Notes
Turn   | Place    | Note
-------+----------+-------------------------------------------
     0 | D:1      | Lauz the Merfolk Gladiator began the quest for the Orb.
     0 | D:1      | Reached XP level 1. HP: 16/16 MP: 1/1
   273 | D:1      | Reached XP level 2. HP: 19/23 MP: 2/2
   296 | D:1      | Reached skill level 5 in Polearms
   842 | D:2      | Noticed Natasha
   861 | D:2      | Noticed a crimson imp
   863 | D:2      | Noticed a crimson imp
   866 | D:1      | Reached XP level 3. HP: 3/28 MP: 3/3
  1150 | D:2      | Killed Natasha
  1324 | D:2      | Reached skill level 6 in Polearms
  1324 | D:2      | Reached XP level 4. HP: 34/34 MP: 4/4
  1425 | D:2      | Noticed Natasha
  1427 | D:2      | Noticed Robin
  1763 | D:2      | Noticed Sigmund
  1781 | D:2      | Killed Sigmund
  1781 | D:2      | Reached skill level 8 in Polearms
  1781 | D:2      | Reached skill level 5 in Dodging
  1781 | D:2      | Reached XP level 5. HP: 41/41 MP: 5/5
  1781 | D:2      | Reached XP level 6. HP: 47/47 MP: 6/6
  1806 | D:1      | Killed Natasha
  2300 | D:1      | Noticed Natasha
  2312 | D:1      | Killed Natasha
  2574 | D:2      | Killed Robin
  2774 | D:2      | Found an iron altar of Okawaru,
  2779 | D:2      | Became a worshipper of Warmaster Okawaru
  3400 | D:2      | Reached skill level 9 in Polearms
  3740 | D:3      | Reached XP level 7. HP: 40/52 MP: 7/7
  4790 | D:4      | Reached skill level 10 in Polearms
  5226 | D:4      | Found a staircase to the Ecumenical Temple,
  5296 | D:4      | Learned a level 2 spell: Slow
  5299 | D:4      | Learned a level 2 spell: Call Imp
  5302 | D:4      | Learned a level 2 spell: Blink
  5302 | D:4      | Found an ancient bone altar of Kikubaaqudgha,
  5527 | D:4      | Noticed Blork the orc
  6104 | D:4      | Found a sparkling altar of Nemelex Xobeh,
  6284 | D:4      | Reached XP level 8. HP: 60/60 MP: 6/8
  6475 | D:4      | Reached skill level 11 in Polearms
  6702 | D:5      | Entered Level 5 of the Dungeon
  6731 | D:5      | Noticed a hippogriff
  7050 | D:5      | Reached * piety under Okawaru
  7406 | D:5      | Reached skill level 1 in Hexes
  7449 | D:5      | Killed a hippogriff
  7449 | D:5      | Reached skill level 12 in Polearms
  7935 | D:5      | HP: 2/61 [orc warrior/+0 mace (15)]
  7941 | D:5      | Slain by an orc warrior

Levels and vault maps discovered:
D:1:      dpeg_arrival_round_c, layout_loops_ring, chequers_big_river,
          kennysheep_boxes
D:2:      layout_rooms, lemuel_doored_altar, uniq_robin, uniq_natasha,
          uniq_sigmund
D:3:      layout_basic
D:4:      layout_basic, nemelex_xobeh_ov_fountains_minmay,
          kiku_gazebo_pond_becter, minmay_temple_entry_junction,
          uniq_blork_the_orc
D:5:      layout_basic, first_ration
D:6:      layout_basic, gammafunk_temple_overflow_wave,
          chequers_serial_rivers_micro_c, uniq_prince_ribbit1

Skill      XL: |  1  2  3  4  5  6  7  8 |
---------------+-------------------------+-----
Polearms       | 5 6 8 9 10 12 | 12.2
Fighting       | 3 4 |  4.5
Dodging        | 5 6 |  6.5
Hexes          | 1 |  1.7
Throwing       | |  2.0
Summonings     | |  0.5

Action                   |  1- 3 |  4- 6 |  7- 9 || total
-------------------------+-------+-------+-------++-------
Melee: Trident           |    63 |   243 |   236 ||   542
       Halberd           |       |       |     7 ||     7
 Cast: Slow              |       |       |    11 ||    11
       Call Imp          |       |       |     2 ||     2
       Blink             |       |       |     1 ||     1
  Use: Potion            |       |     3 |       ||     3
 Stab: Sleeping          |       |     1 |     1 ||     2
  Eat: Chunk             |     1 |     8 |     8 ||    17
       Ration            |       |       |     3 ||     3
Armor: Leather armour    |    10 |    83 |    26 ||   119
Dodge: Dodged            |    33 |   225 |   133 ||   391

Table legend:
 A = Non-vault XP
 B = Vault XP
 C = Vault XP percentage of total XP
 D = Non-vault monster count
 E = Vault monster count
 F = Vault count percentage of total count
                 A         B        C        D         E       F
            +---------+---------+-------+---------+---------+-------
      Total |    1610 |     294 |  15.4 |     107 |      15 |  12.3
            +---------+---------+-------+---------+---------+-------
        D:1 |     113 |      11 |   8.9 |      19 |       6 |  24.0
        D:2 |      62 |     283 |  82.0 |      18 |       9 |  33.3
        D:3 |     290 |       0 |   0.0 |      37 |       0 |   0.0
        D:4 |     505 |       0 |   0.0 |      20 |       0 |   0.0
        D:5 |     604 |       0 |   0.0 |      11 |       0 |   0.0
        D:6 |      36 |       0 |   0.0 |       2 |       0 |   0.0
            +---------+---------+-------+---------+---------+-------
